 Dungeon Crawl Stone Soup version 0.27-a0-1123-g2f9bb313c0 (webtiles) character file.

Game seed: 1245756924823862941

4 eooof the Skirmisher (level 1, -4/19 HPs)
             Began as a Ghoul Monk on May 3, 2021.
             Slain by a phantom (5 damage)
             ... on level 5 of the Dungeon.
             The game lasted 00:02:02 (289 turns).

eooof the Skirmisher (Ghoul Monk)                    Turns: 289, Time: 00:02:02

Health: -4/19      AC:  2    Str: 14    XL:     1   Next: 60%
Magic:  0/0        EV: 12    Int:  5    God:
Gold:   8          SH:  0    Dex: 11    Spells: 0/0 levels left

rFire    . . .     SeeInvis .     - Unarmed
rCold    + . .     Faith    .   (no shield)
rNeg     + + +     Spirit   .   a - +0 robe
rPois    ∞         Reflect  .   (no helmet)
rElec    .         Harm     .   (no cloak)
rCorr    .         Rampage  .   (no gloves)
Will     .....                  (no boots)
Stlth    ++........             (no amulet)
HPRegen  0.00/turn              (no ring)
MPRegen  0.07/turn              (no ring)

@: no status effects
A: claws 1, cold resistance 1, negative energy resistance 3, inhibited
regeneration, torment resistance 2, unbreathing 1
a: no special abilities


You were on level 5 of the Dungeon.
You visited 1 branch of the dungeon, and saw 4 of its levels.

You collected 8 gold pieces.

Inventory:

Hand Weapons
 c - a +0 club
Missiles
 b - 12 bolts
 f - 22 stones (quivered)
Armour
 a - a +0 robe (worn)
 e - a +0 chain mail
Potions
 d - a potion of curing {unknown}
 g - a potion of haste {unknown}


   Skills:
 + Level 3.4 Fighting
 + Level 2.7 Dodging
 + Level 2.2 Stealth
 + Level 3.3 Unarmed Combat


You couldn't memorise any spells.
You didn't know any spells.
Your spell library was empty.

Dungeon Overview and Level Annotations

Branches:
Dungeon (5/15)
 Temple: D:4-7

Altars:


Innate Abilities, Weirdness & Mutations

You thrive by killing the living.
You are immune to poison.
You have sharp fingernails.
Your flesh is cold resistant. (rC+)
You are immune to negative energy. (rN+++)
You do not regenerate when monsters are visible.
You are immune to unholy pain and torment.
You can survive without breathing.


Message History

Found 8 gold pieces.
You now have 8 gold pieces.
You see here 22 stones.
f - 22 stones
g - a coppery potion
Found a stone staircase leading down.
Found a stone staircase leading up.
There is a stone staircase leading down here.
There are no items here.
You climb downwards.
You hear the hiss of flowing sand.
There is an entrance to an ossuary on this level.
Hurry and find it before the portal is buried!
A phantom comes into view.
Found a scroll labelled APNOYSK NAWNI and a trident.
Found a stone staircase leading down.
There is a stone staircase leading up here.
The phantom hits you!
The phantom blinks!
You blink.
A rat zombie comes into view.
The phantom hits you.
The phantom blinks!
You blink.
The rat zombie moves out of view.
Found 22 stones.
Found an escape hatch in the ceiling.
You miss the phantom.
The phantom hits you but does no damage.
You closely miss the phantom.
You scratch the phantom but do no damage.
The phantom hits you.
You scratch the phantom.
The phantom is lightly damaged.
The phantom hits you.
* * * LOW HITPOINT WARNING * * *
The phantom blinks!
You blink.
You closely miss the phantom.
The phantom is lightly damaged.
The phantom hits you.
* * * LOW HITPOINT WARNING * * *
The phantom blinks!
You blink.
You miss the phantom.
The phantom is lightly damaged.
The phantom hits you.
You die...

Z.
.#......................
.##...#)..................
....###..................
...##...................
...#.......§............
#......?.#.##.......#.#
#.......<###........# #
#........###.........#
#......@W....#.........
#...........##.#..##...
#..........>.....
..............##..
###...........#
#.##..........
#..##........... ..
.......##...


You could see a phantom.

Vanquished Creatures
  A bat (D:1)
  A goblin (D:1)
  A quokka (D:1)
3 creatures vanquished.

Notes
Turn   | Place    | Note
-------+----------+-------------------------------------------
     0 | D:1      | eooof the Ghoul Monk began the quest for the Orb.
     0 | D:1      | Reached XP level 1. HP: 19/19 MP: 0/0
   159 | D:2      | You fall into a shaft and drop 2 floors!
   275 | D:5      | Entered Level 5 of the Dungeon
   275 | D:5      | Noticed a phantom
   289 | D:5      | Slain by a phantom

Illustrated notes

Levels and vault maps discovered:
D:1:      ncdulo_wetmaze, layout_basic, shapermc_ecumenical_altar_venn,
          serial_shops, shop_fountains
D:2:      layout_basic, uniq_jessica
D:4:      layout_cave_pools, grunt_ministairs_1, uniq_crazy_yiuf_cottage
D:5:      layout_cave_pools, enter_ossuary_3

Action                   || total
-------------------------++-------
Melee: Unarmed           ||    16
Armor: Robe              ||     4
Dodge: Dodged            ||    11

Table legend: (Time is in decaauts)
 A = Elapsed time spent in this place.
 B = Non-inter-level travel time spent in this place.
 C = Inter-level travel time spent in this place.
 D = Time resting spent in this place.
 E = Time spent auto-exploring this place.
 F = Levels seen in this place.
 G = Mean time per level.
                   A        B        C        D        E       F      G
               +--------+--------+--------+--------+--------+-----+--------+
         Total |    304 |    292 |     12 |      0 |      0 |   4 |   76.0 |
       Dungeon |    304 |    292 |     12 |      0 |      0 |   4 |   76.0 |
               +--------+--------+--------+--------+--------+-----+--------+

Top non-repeatable levels by time:
     D:1: 170 daAuts
     D:4: 115 daAuts
     D:5: 13 daAuts
     D:2: 4 daAuts
